TOP OF THE 1ST |
Las Vegas Stars batting - Pitching for Albuquerque Isotopes : RHP Mark Sanders
|
Pitching: RHP Mark Sanders
|
|
Batting: RHB Jonathan MacVey
|
0-0: Foul Ball, location: 2F 0-1: Ground out 4-3 (Groundball, 4)
|
Batting: RHB Juan Valverde
|
0-0: Ball 1-0: Ball 2-0: Foul Ball, location: 2F 2-1: Ground out 5-3 (Groundball, 56S)
|
Batting: LHB Diego Torres
|
0-0: Foul Ball, location: 2F 0-1: Ball 1-1: Ball 2-1: Foul Ball, location: 2F 2-2: SOLO HOME RUN (Flyball, 9D), Distance : 369 ft
|
Batting: RHB Kyle Bacon
|
0-0: Ball 1-0: Ball 2-0: Called Strike 2-1: Ball 3-1: Foul Ball, location: 2F 3-2: TRIPLE (Line Drive, 8RM)
|
Batting: SHB Héctor Barajas
|
0-0: Ball 1-0: Foul Ball, location: 2F 1-1: Foul Ball, location: 2F 1-2: Ball 2-2: Fly out, F7 (Flyball, 7D)
|
Top of the 1st over - 1 run(s), 2 hit(s), 0 error(s), 1 left on base; Las Vegas 1 - Albuquerque 0 |
BOTTOM OF THE 1ST |
Albuquerque Isotopes batting - Pitching for Las Vegas Stars : RHP Emílio Núñez
|
Pitching: RHP Emílio Núñez
|
|
Batting: RHB Arturo García
|
0-0: Ground out 6-3 (Groundball, 6)
|
Batting: RHB Dave Mullen
|
0-0: Swinging Strike 0-1: Ball 1-1: Called Strike 1-2: Ground out U3 (Groundball, 34)
|
Batting: LHB Bernardo Montés
|
0-0: Ground out 4-3 (Groundball, 4)
|
Bottom of the 1st over - 0 run(s), 0 hit(s), 0 error(s), 0 left on base; Las Vegas 1 - Albuquerque 0 |
TOP OF THE 2ND |
Las Vegas Stars batting - Pitching for Albuquerque Isotopes : RHP Mark Sanders
|
Batting: RHB José Zúñiga
|
0-0: Foul Ball, location: 2F 0-1: Foul Ball, location: 2F 0-2: Ball 1-2: Foul Ball, location: 2F 1-2: Ground out 4-3 (Groundball, 4)
|
Batting: RHB Douglas Davis
|
0-0: SINGLE (Groundball, 4MD)
|
Batting: RHB Ryan McBride
|
0-0: Called Strike 0-1: Fly out, F5 (Line Drive, 56)
|
Batting: LHB Paco Rivera
|
0-0: Called Strike 0-1: Fly out, F8 (Flyball, 8LM)
|
Top of the 2nd over - 0 run(s), 1 hit(s), 0 error(s), 1 left on base; Las Vegas 1 - Albuquerque 0 |
BOTTOM OF THE 2ND |
Albuquerque Isotopes batting - Pitching for Las Vegas Stars : RHP Emílio Núñez
|
Batting: LHB Mark Vestal
|
0-0: Ball 1-0: Ball 2-0: Called Strike 2-1: Swinging Strike 2-2: Strikes out looking
|
Batting: LHB António De Los Ángeles
|
0-0: Ball 1-0: Foul Ball, location: 2F 1-1: Called Strike 1-2: Ball 2-2: Foul Ball, location: 2F 2-2: Ball 3-2: DOUBLE (Flyball, 89D)
|
Batting: RHB Alfonso Huertas
|
0-0: Called Strike 0-1: Foul Ball, location: 2F 0-2: Ball 1-2: Ball 2-2: Foul Ball, location: 2F 2-2: Foul Ball, location: 2F 2-2: Foul Ball, location: 2F 2-2: Fly out, F9 (Flyball, 9)
|
Batting: RHB Juan Alberto
|
0-0: Called Strike 0-1: Ball 1-1: Ball 2-1: Foul Ball, location: 2F 2-2: Ball 3-2: Base on Balls
|
Batting: LHB Fernando Ortíz
|
0-0: Ball 1-0: DOUBLE (Flyball, 8RXD) António De Los Ángeles scores Juan Alberto to third
|
Batting: LHB A.J. Major
|
0-0: Called Strike 0-1: Called Strike 0-2: Ground out U3 (Groundball, 3L)
|
Bottom of the 2nd over - 1 run(s), 2 hit(s), 0 error(s), 2 left on base; Las Vegas 1 - Albuquerque 1 |
TOP OF THE 3RD |
Las Vegas Stars batting - Pitching for Albuquerque Isotopes : RHP Mark Sanders
|
Batting: RHB Jonathan MacVey
|
0-0: SINGLE (Groundball, 56D)
|
Batting: RHB Juan Valverde
|
0-0: Called Strike 0-1: Foul Ball, location: 2F 0-2: Ball 1-2: Ball 2-2: Ball 3-2: Base on Balls Jonathan MacVey to second
|
Batting: LHB Diego Torres
|
0-0: Ball 1-0: Hit by Pitch Jonathan MacVey to third Juan Valverde to second
|
Batting: RHB Kyle Bacon
|
0-0: Ball 1-0: Ball 2-0: Foul Ball, location: 2F 2-1: Foul Ball, location: 2F 2-2: DOUBLE (Groundball, 3L) Jonathan MacVey scores Juan Valverde scores Diego Torres to third
|
Batting: SHB Héctor Barajas
|
0-0: Fly out, F7 (Flyball, 7) Runner from 3rd tags up, SCORES, throw made
|
Batting: RHB José Zúñiga
|
0-0: Ball 1-0: Swinging Strike 1-1: Ball 2-1: Swinging Strike 2-2: Foul Ball, location: 2F 2-2: Ball 3-2: Foul Ball, location: 2F 3-2: Ground out 6-3 (Groundball, 6)
|
Batting: RHB Douglas Davis
|
0-0: Ball 1-0: Ball 2-0: Ground out 6-3 (Groundball, 6)
|
Top of the 3rd over - 3 run(s), 2 hit(s), 0 error(s), 1 left on base; Las Vegas 4 - Albuquerque 1 |
BOTTOM OF THE 3RD |
Albuquerque Isotopes batting - Pitching for Las Vegas Stars : RHP Emílio Núñez
|
Batting: RHB Arturo García
|
0-0: Ground out 6-3 (Groundball, 6M)
|
Batting: RHB Dave Mullen
|
0-0: Ball 1-0: Ball 2-0: Swinging Strike 2-1: Fly out, F3 (Line Drive, 34)
|
Batting: LHB Bernardo Montés
|
0-0: Ball 1-0: SOLO HOME RUN (Line Drive, 89XD), Distance : 390 ft
|
Batting: LHB Mark Vestal
|
0-0: Called Strike 0-1: Ball 1-1: Ball 2-1: Ball 3-1: Called Strike 3-2: Foul Ball, location: 2F 3-2: Strikes out swinging
|
Bottom of the 3rd over - 1 run(s), 1 hit(s), 0 error(s), 0 left on base; Las Vegas 4 - Albuquerque 2 |
TOP OF THE 4TH |
Las Vegas Stars batting - Pitching for Albuquerque Isotopes : RHP Mark Sanders
|
Batting: RHB Ryan McBride
|
0-0: Ground out 5-3 (Groundball, 56)
|
Batting: LHB Paco Rivera
|
0-0: Ball 1-0: SINGLE (Groundball, 6D)
|
Batting: RHB Jonathan MacVey
|
0-0: Ground out 3-1 (Groundball, 23) Paco Rivera to second
|
Batting: RHB Juan Valverde
|
0-0: Intentional Walk
|
Batting: LHB Diego Torres
|
0-0: Called Strike 0-1: Ball 1-1: Ball 2-1: Ball 3-1: Swinging Strike 3-2: Strikes out swinging
|
Top of the 4th over - 0 run(s), 1 hit(s), 0 error(s), 2 left on base; Las Vegas 4 - Albuquerque 2 |
BOTTOM OF THE 4TH |
Albuquerque Isotopes batting - Pitching for Las Vegas Stars : RHP Emílio Núñez
|
Batting: LHB António De Los Ángeles
|
0-0: Ball 1-0: Foul Ball, location: 2F 1-1: Called Strike 1-2: Ball 2-2: Strikes out swinging
|
Batting: RHB Alfonso Huertas
|
0-0: Ground out 1-3 (Groundball, 15S)
|
Batting: RHB Juan Alberto
|
0-0: Foul Ball, location: 2F 0-1: Foul Ball, location: 2F 0-2: Ball 1-2: Strikes out looking
|
Bottom of the 4th over - 0 run(s), 0 hit(s), 0 error(s), 0 left on base; Las Vegas 4 - Albuquerque 2 |
TOP OF THE 5TH |
Las Vegas Stars batting - Pitching for Albuquerque Isotopes : RHP Mark Sanders
|
Batting: RHB Kyle Bacon
|
0-0: Swinging Strike 0-1: Ball 1-1: Ball 2-1: Ball 3-1: Called Strike 3-2: Foul Ball, location: 2F 3-2: Strikes out swinging, 2-3 out at first.
|
Batting: SHB Héctor Barajas
|
0-0: Ball 1-0: Swinging Strike 1-1: Ground out 3-1 (Groundball, 34)
|
Batting: RHB José Zúñiga
|
0-0: Swinging Strike 0-1: Ground out U3 (Groundball, 3)
|
Top of the 5th over - 0 run(s), 0 hit(s), 0 error(s), 0 left on base; Las Vegas 4 - Albuquerque 2 |
BOTTOM OF THE 5TH |
Albuquerque Isotopes batting - Pitching for Las Vegas Stars : RHP Emílio Núñez
|
Batting: LHB Fernando Ortíz
|
0-0: Foul Ball, location: 2F 0-1: Called Strike 0-2: Ground out U3 (Groundball, 3)
|
Batting: LHB A.J. Major
|
0-0: Called Strike 0-1: Foul Ball, location: 2F 0-2: Ball 1-2: Ball 2-2: Foul Ball, location: 2F 2-2: SINGLE (Groundball, 5D)
|
Batting: RHB Arturo García
|
0-0: Called Strike 0-1: Ground out 3-1 (Groundball, 34S) A.J. Major to second
|
Batting: RHB Dave Mullen
|
0-0: Foul Ball, location: 2F 0-1: Called Strike 0-2: Ball 1-2: Foul Ball, location: 2F 1-2: Ball 2-2: Ball 3-2: Base on Balls
|
Batting: LHB Bernardo Montés
|
0-0: Foul Ball, location: 2F 0-1: Swinging Strike 0-2: Ball 1-2: Strikes out looking
|
Bottom of the 5th over - 0 run(s), 1 hit(s), 0 error(s), 2 left on base; Las Vegas 4 - Albuquerque 2 |
TOP OF THE 6TH |
Las Vegas Stars batting - Pitching for Albuquerque Isotopes : RHP Mark Sanders
|
Batting: RHB Douglas Davis
|
0-0: Called Strike 0-1: Ball 1-1: Ball 2-1: Ground out 5-3 (Groundball, 56)
|
Batting: RHB Ryan McBride
|
0-0: Swinging Strike 0-1: Foul Ball, location: 2F 0-2: Strikes out swinging
|
Batting: LHB Paco Rivera
|
0-0: Ground out 6-3 (Groundball, 56)
|
Top of the 6th over - 0 run(s), 0 hit(s), 0 error(s), 0 left on base; Las Vegas 4 - Albuquerque 2 |
BOTTOM OF THE 6TH |
Albuquerque Isotopes batting - Pitching for Las Vegas Stars : RHP Emílio Núñez
|
Batting: LHB Mark Vestal
|
0-0: Hit by Pitch
|
Batting: LHB António De Los Ángeles
|
0-0: Foul Ball, location: 2F 0-1: Ball 1-1: Ball 2-1: Ground out 4-3 (Groundball, 4S) Mark Vestal to second
|
Batting: RHB Alfonso Huertas
|
0-0: Foul Ball, location: 2F 0-1: Ground out 1-3 (Groundball, 15S)
|
Batting: RHB Juan Alberto
|
0-0: Swinging Strike 0-1: Ball 1-1: Foul Ball, location: 2F 1-2: Ball 2-2: Foul Ball, location: 2F 2-2: Strikes out looking
|
Bottom of the 6th over - 0 run(s), 0 hit(s), 0 error(s), 1 left on base; Las Vegas 4 - Albuquerque 2 |
TOP OF THE 7TH |
Las Vegas Stars batting - Pitching for Albuquerque Isotopes : RHP Mark Sanders
|
Batting: RHB Jonathan MacVey
|
0-0: SOLO HOME RUN (Flyball, 7D), Distance : 365 ft
|
Batting: RHB Juan Valverde
|
0-0: Ball 1-0: Ball 2-0: Called Strike 2-1: SOLO HOME RUN (Flyball, 78XD), Distance : 395 ft
|
Batting: LHB Diego Torres
|
0-0: Swinging Strike 0-1: Called Strike 0-2: Foul Ball, location: 2F 0-2: SINGLE (Groundball, 4D)
|
Pitching: RHP Kenny Skinner
|
|
Batting: RHB Kyle Bacon
|
0-0: Called Strike 0-1: Ball 1-1: SINGLE (Groundball, 3D) Diego Torres to second Runner from 2nd tries for 3rd, SAFE, no throw
|
Pitching: RHP Manny Muñóz
|
|
Batting: SHB Héctor Barajas
|
0-0: Foul Ball, location: 2F 0-1: Foul Ball, location: 2F 0-2: Fly out, F7 (Flyball, 7) Runner from 3rd tags up, SCORES, throw made
|
Batting: RHB José Zúñiga
|
0-0: Swinging Strike Kyle Bacon is caught stealing 2nd base 0-1: Called Strike 0-2: Ball 1-2: Ball 2-2: Foul Ball, location: 2F 2-2: Ball 3-2: Ground out 1-3 (Groundball, 13)
|
Top of the 7th over - 3 run(s), 4 hit(s), 0 error(s), 0 left on base; Las Vegas 7 - Albuquerque 2 |
BOTTOM OF THE 7TH |
Albuquerque Isotopes batting - Pitching for Las Vegas Stars : RHP Emílio Núñez
|
Batting: LHB Fernando Ortíz
|
0-0: Called Strike 0-1: Swinging Strike 0-2: Ball 1-2: Foul Ball, location: 2F 1-2: Ball 2-2: Ball 3-2: Foul Ball, location: 2F 3-2: Base on Balls
|
Pitching: RHP Mike Drader
|
|
Batting: LHB A.J. Major
|
0-0: Ball 1-0: Foul Ball, location: 2F 1-1: Ball 2-1: Ball Fernando Ortíz steals 2nd base 3-1: Foul Ball, location: 2F 3-2: Base on Balls
|
Pitching: LHP John Dyer
|
|
Batting: RHB Arturo García
|
0-0: Ball 1-0: Called Strike 1-1: Foul Ball, location: 2F 1-2: Foul Ball, location: 2F 1-2: Grounds into double play, 6-4-3 (Groundball, 6) Fernando Ortíz to third
|
Batting: RHB Dave Mullen
|
0-0: Ball 1-0: Foul Ball, location: 2F 1-1: Foul Ball, location: 2F 1-2: Foul Ball, location: 2F 1-2: SINGLE (Flyball, 78S) Fernando Ortíz scores
|
Batting: LHB Bernardo Montés
|
0-0: Ball 1-0: Foul Ball, location: 2F 1-1: Swinging Strike 1-2: Ball 2-2: Ball Dave Mullen is caught stealing 2nd base
|
Bottom of the 7th over - 1 run(s), 1 hit(s), 0 error(s), 0 left on base; Las Vegas 7 - Albuquerque 3 |
TOP OF THE 8TH |
Las Vegas Stars batting - Pitching for Albuquerque Isotopes : RHP Manny Muñóz
|
Batting: RHB Douglas Davis
|
0-0: Ball 1-0: Foul Ball, location: 2F 1-1: Called Strike 1-2: Foul Ball, location: 2F 1-2: Ball 2-2: SINGLE (Groundball, 6D)
|
Batting: RHB Ryan McBride
|
0-0: Ball 1-0: Ball 2-0: Sac Bunt - play at first, batter OUT! 5-3 Douglas Davis to second
|
Batting: LHB Paco Rivera
|
0-0: Intentional Walk
|
Batting: RHB Jonathan MacVey
|
0-0: Called Strike 0-1: Ball 1-1: Foul Ball, location: 2F 1-2: Ball 2-2: Ball 3-2: Foul Ball, location: 2F 3-2: Base on Balls Douglas Davis to third Paco Rivera to second
|
Batting: RHB Juan Valverde
|
0-0: Foul Ball, location: 2F 0-1: Called Strike 0-2: Ball 1-2: Ball 2-2: Ball 3-2: Base on Balls Douglas Davis scores Paco Rivera to third Jonathan MacVey to second
|
Batting: LHB Diego Torres
|
0-0: Foul Ball, location: 2F 0-1: Ball 1-1: Ball 2-1: Foul Ball, location: 2F 2-2: Ball 3-2: GRAND SLAM HOME RUN (Flyball, 9LD), Distance : 378 ft
|
Batting: RHB Kyle Bacon
|
0-0: Ball 1-0: Foul Ball, location: 2F 1-1: Swinging Strike 1-2: Ball 2-2: Ball 3-2: Foul Ball, location: 2F 3-2: Base on Balls
|
Batting: SHB Héctor Barajas
|
0-0: SINGLE (Groundball, 5D) Kyle Bacon to second
|
Batting: RHB José Zúñiga
|
0-0: Ball 1-0: Ball 2-0: Called Strike 2-1: Ball 3-1: Base on Balls Kyle Bacon to third Héctor Barajas to second
|
Batting: RHB Douglas Davis
|
0-0: Ball 1-0: Ball 2-0: Fly out, F9 (Flyball, 89M) Runner from 3rd tags up, SCORES, throw made
|
Batting: RHB Ryan McBride
|
0-0: Ball 1-0: Fly out, F8 (Line Drive, 89M)
|
Top of the 8th over - 6 run(s), 3 hit(s), 0 error(s), 2 left on base; Las Vegas 13 - Albuquerque 3 |
BOTTOM OF THE 8TH |
Albuquerque Isotopes batting - Pitching for Las Vegas Stars : LHP John Dyer
|
Batting: LHB Bernardo Montés
|
0-0: Ground out U3 (Groundball, 34S)
|
Batting: LHB Mark Vestal
|
0-0: Ground out 6-3 (Groundball, 6)
|
Batting: LHB António De Los Ángeles
|
0-0: Ball 1-0: Foul Ball, location: 2F 1-1: SINGLE (Groundball, 34D)
|
Batting: RHB Alfonso Huertas
|
0-0: Ball 1-0: Ball 2-0: Called Strike 2-1: Called Strike 2-2: Ball 3-2: Base on Balls António De Los Ángeles to second
|
Batting: RHB Juan Alberto
|
0-0: Ball 1-0: Ball 2-0: Called Strike 2-1: Foul Ball, location: 2F 2-2: Ball 3-2: Base on Balls António De Los Ángeles to third Alfonso Huertas to second
|
Batting: LHB Fernando Ortíz
|
0-0: Ball 1-0: Fly out, F9 (Flyball, 9D)
|
Bottom of the 8th over - 0 run(s), 1 hit(s), 0 error(s), 3 left on base; Las Vegas 13 - Albuquerque 3 |
TOP OF THE 9TH |
Las Vegas Stars batting - Pitching for Albuquerque Isotopes : RHP Manny Muñóz
|
Batting: LHB Paco Rivera
|
0-0: Swinging Strike 0-1: Ball 1-1: Ground out 3-1 (Groundball, 34)
|
Pitching: RHP Luis Encarnación
|
|
Batting: RHB Jonathan MacVey
|
0-0: Called Strike 0-1: Called Strike 0-2: Ball 1-2: Ball 2-2: Ball 3-2: Ground out 5-3 (Groundball, 56)
|
Batting: RHB Juan Valverde
|
0-0: Called Strike 0-1: Ball 1-1: Foul Ball, location: 2F 1-2: Ball 2-2: Hit by Pitch
|
Batting: LHB Diego Torres
|
0-0: Called Strike 0-1: Ball 1-1: Ball 2-1: Ball 3-1: Base on Balls Juan Valverde to second
|
Batting: RHB Kyle Bacon
|
0-0: Called Strike 0-1: Ball 1-1: Foul Ball, location: 2F 1-2: Foul Ball, location: 2F 1-2: Foul Ball, location: 2F 1-2: SINGLE (Line Drive, 7LM) Juan Valverde to third Diego Torres to second Runner from 3rd tries for Home, SAFE, no throw
|
Batting: SHB Héctor Barajas
|
0-0: Called Strike 0-1: Foul Ball, location: 2F 0-2: Ball 1-2: Ball 2-2: Fielders Choice at 2nd, 4-6 (Groundball, 34)
|
Top of the 9th over - 1 run(s), 1 hit(s), 0 error(s), 1 left on base; Las Vegas 14 - Albuquerque 3 |
BOTTOM OF THE 9TH |
Albuquerque Isotopes batting - Pitching for Las Vegas Stars : LHP John Dyer
|
Pitching: RHP Terry Adams
|
|
Batting: LHB A.J. Major
|
0-0: Called Strike 0-1: Ball 1-1: Fly out, F9 (Flyball, 89M)
|
Pinch Hitting: LHB Bob Smith
|
0-0: Foul Ball, location: 2F 0-1: Called Strike 0-2: Ball 1-2: SOLO HOME RUN (Flyball, 9D), Distance : 361 ft
|
Batting: RHB Dave Mullen
|
0-0: Foul Ball, location: 2F 0-1: Ball 1-1: Fly out, F7 (Flyball, 7)
|
Batting: LHB Bernardo Montés
|
0-0: Called Strike 0-1: Called Strike 0-2: Ball 1-2: Strikes out swinging, 2-3 out at first.
|
Bottom of the 9th over - 1 run(s), 1 hit(s), 0 error(s), 0 left on base; Las Vegas 14 - Albuquerque 4 |
|